 Dungeon Crawl Stone Soup version 0.26-a0-663-g36e8fdb655 (console) character file.

Game seed: 4285385689764989052

507656 Morrissey the Slayer (level 25, -12/164 HPs)
             Began as a Gargoyle Fighter on Oct 9, 2020.
             Was the Champion of Hepliaklqana.
             Killed from afar by a fire giant (38 damage)
             ... with a bolt of fire
             ... on level 3 of the Depths on Oct 10, 2020.
             The game lasted 02:10:14 (55675 turns).

Morrissey the Slayer (Gargoyle Fighter)            Turns: 55675, Time: 02:10:14

Health: -12/164    AC: 69    Str: 30    XL:     25   Next: 3%
Magic:  32/32      EV: 10    Int: 15    God:    Hepliaklqana [******]
Gold:   6697       SH: 20    Dex: 13    Spells: 24/24 levels left

rFire    . . .     SeeInvis +   a - +7 eveningstar (vorpal)
rCold    . . .     Faith    .   c - +0 kite shield
rNeg     + + +     Spirit   .   z - +27 Lear's hauberk
rPois    ∞         Reflect  +   (helmet currently unavailable)
rElec    +         Harm     .   Q - +0 cloak "Hycuzomp" {Str+3 Dex+4 Stlth+}
rCorr    .         Rampage  .   (gloves currently unavailable)
MR       +++..                  (boots currently unavailable)
Stlth    +.........             w - amulet of reflection
HPRegen  0.37/turn              I - ring "Lifoepoi" {+Fly rN+ MR++ AC+4}
MPRegen  0.23/turn              h - ring "Juliamop" {rN+ Str-3 Int+4 Slay+3 SInv}

@: flying, studying 2 skills
A: reduced essence, antennae 1, big wings, negative energy resistance 1,
electricity resistance, wild magic 1, unbreathing, petrification resistance, rot
immunity, AC +19
}: 3/15 runes: serpentine, barnacled, silver
a: Stop Flying, Recall Ancestor, Ancestor Identity, Transference, Idealise,
Renounce Religion


You were on level 3 of the Depths.
You worshipped Hepliaklqana.
Hepliaklqana was exalted by your worship.
You visited 9 branches of the dungeon, and saw 41 of its levels.
You also visited: Ossuary, Ice Cave and Wizlab.

You collected 7555 gold pieces.
You spent 858 gold pieces at shops.

Inventory:

Hand Weapons
 a - a +7 vorpal eveningstar (weapon)
 b - a +3 demon whip of draining
 O - the +8 autumn katana {vorpal, Clar}
   (You found it on level 4 of the Vaults)

   It inflicts extra damage upon your enemies.
   It protects you against confusion.
Armour
 c - a +0 kite shield (worn)
 g - the +2 cloak "Hepom" {-Cast +Blink Str-3 Stlth+}
   (You found it in a wizard's laboratory)

   It affects your strength (-3).
   It lets you blink.
   It prevents spellcasting.
   It makes you more stealthy.
 l - the cursed -1 tower shield of Beqih {rElec rN+ Dex+3}
   (You took it off Louise on level 14 of the Dungeon)

   It affects your dexterity (+3).
   It insulates you from electricity.
   It protects you from negative energy.
   It has a curse placed upon it.
 p - the cursed -1 pair of gloves "Ushidd" {rC+}
   (You found it on level 5 of the Vaults)

   It protects you from cold.
   It has a curse placed upon it.
 z - the +27 Lear's hauberk (worn)
   (You found it on level 4 of the Dungeon)
 G - the +4 cloak of Filth {Harm rC+ Int-2}
   (You found it in a wizard's laboratory)

   It affects your intelligence (-2).
   It protects you from cold.
   It increases damage dealt and taken.
 H - the +0 pair of boots "Ethragemp" {Rampage MR+ MP-9}
   (You found it on level 5 of the Dungeon)

   It affects your resistance to hostile enchantments.
   It affects your magic capacity (-9).
   It bestows one free step when moving towards enemies.
 Q - the +0 cloak "Hycuzomp" (worn) {Str+3 Dex+4 Stlth+}
   (You found it in a wizard's laboratory)

   It affects your strength (+3).
   It affects your dexterity (+4).
   It makes you more stealthy.
Jewellery
 h - the ring "Juliamop" (right hand) {rN+ Str-3 Int+4 Slay+3 SInv}
   (You took it off a naga on level 4 of the Snake Pit)

   [ring of positive energy]

   It affects your strength (-3).
   It affects your intelligence (+4).
   It affects your accuracy and damage with ranged weapons and melee attacks
   (+3).
   It protects you from negative energy.
   It lets you see invisible.
 s - the amulet of Reif {RegenMP Dex+3 Slay+3}
   (You found it on level 1 of the Shoals)

   [amulet of magic regeneration]

   It increases your magic regeneration.
   It affects your dexterity (+3).
   It affects your accuracy and damage with ranged weapons and melee attacks
   (+3).
 w - an amulet of reflection (around neck)
 I - the ring "Lifoepoi" (left hand) {+Fly rN+ MR++ AC+4}
   (You found it on level 4 of the Shoals)

   [ring of protection]

   It affects your AC (+4).
   It protects you from negative energy.
   It affects your resistance to hostile enchantments.
   It lets you fly.
 J - an uncursed ring of resist corrosion
 U - an uncursed ring of protection from magic
 Y - an uncursed ring of protection from cold
Wands
 A - a wand of paralysis (43)
 B - a wand of acid (34)
 K - a wand of digging (13)
 N - a wand of enslavement (26)
 P - a wand of iceblast (38)
 V - a wand of polymorph (29)
 W - a wand of disintegration (34)
 Z - a wand of flame (66)
Scrolls
 i - 6 scrolls of blinking
 k - 16 scrolls of teleportation
 m - 21 scrolls of magic mapping
 n - 23 scrolls of remove curse
 u - 7 scrolls of fog
 y - 3 scrolls of enchant armour
 C - 3 scrolls of silence
 D - 4 scrolls of holy word
 F - a scroll of enchant weapon
 L - 8 scrolls of identify
 M - 2 scrolls of brand weapon
 T - 6 scrolls of fear
Potions
 d - 5 potions of might
 e - 25 potions of curing
 f - 7 potions of haste
 j - 13 potions of brilliance
 o - 4 potions of magic
 r - 2 potions of invisibility
 t - 4 potions of cancellation
 v - 3 potions of resistance
 x - 9 potions of ambrosia
 E - 4 potions of stabbing
 S - 7 potions of berserk rage
 X - 3 potions of heal wounds
Books
 q - a manual of Bows
 R - a manual of Spellcasting


   Skills:
 * Level 25.7 Fighting
 - Level 16.0 Maces & Flails
 * Level 25.7 Armour
 + Level 7.1 Stealth
 - Level 15.0 Shields
 - Level 12.4 Invocations


You had 24 spell levels left.
You didn't know any spells.
Your spell library contained the following spells:

 Spells                   Type           Power        Failure   Level
 Beastly Appendage        Tmut           #.....       58%         1
 Corona                   Hex            #......      58%         1
 Freeze                   Ice            #...         58%         1
 Sandblast                Erth           #.....       58%         1
 Shock                    Conj/Air       #...         58%         1
 Sting                    Tmut/Pois      #...         58%         1
 Blink                    Tloc           N/A          73%         2
 Corpse Rot               Necr/Air       N/A          73%         2
 Ensorcelled Hibernation  Hex/Ice        #.....       73%         2
 Passwall                 Tmut/Erth      #.......     73%         2
 Poisonous Vapours        Pois/Air       #.....       73%         2
 Swiftness                Air            #.......     73%         2
 Wereblood                Tmut           #.......     73%         2
 Confusing Touch          Hex            #.......     90%         3
 Conjure Flame            Conj/Fire      #.......     90%         3
 Dazzling Flash           Conj/Hex       #.....       90%         3
 Frozen Ramparts          Ice            #.....       90%         3
 Gell's Gravitas          Tloc           #.........   90%         3
 Ignite Poison            Fire/Tmut/Pois #.......     90%         3
 Lesser Beckoning         Tloc           #.........   90%         3
 Mephitic Cloud           Conj/Pois/Air  #.......     90%         3
 Ozocubu's Armour         Ice            #.......     90%         3
 Spider Form              Tmut/Pois      #.........   90%         3
 Static Discharge         Conj/Air       #.......     90%         3
 Stone Arrow              Conj/Erth      #.....       90%         3
 Teleport Other           Tloc           #.......     90%         3
 Tukima's Dance           Hex            #.......     90%         3
 Airstrike                Air            #.........   100%        4
 Cause Fear               Hex            #.........   100%        4
 Dispel Undead            Necr           #.......     100%        4
 Hailstorm                Conj/Ice       #.......     100%        4
 Ice Form                 Ice/Tmut       #.......     100%        4
 Leda's Liquefaction      Hex/Erth       #.........   100%        4
 Olgreb's Toxic Radiance  Pois           #.......     100%        4
 Passage of Golubria      Tloc           N/A          100%        4
 Petrify                  Tmut/Erth      #.......     100%        4
 Summon Ice Beast         Ice/Summ       #.......     100%        4
 Agony                    Necr           #.......     100%        5
 Blade Hands              Tmut           #.........   100%        5
 Bolt of Magma            Conj/Fire/Erth #.........   100%        5
 Excruciating Wounds      Necr           #.........   100%        5
 Irradiate                Conj/Tmut      #.........   100%        5
 Lee's Rapid Deconstruct  Erth           #.........   100%        5
 Lightning Bolt           Conj/Air       #.........   100%        5
 Metabolic Englaciation   Hex/Ice        #.........   100%        5
 Yara's Violent Unravell  Hex/Tmut       #.........   100%        5
 Death Channel            Necr           #.........   100%        6
 Dispersal                Tloc           #.........   100%        6
 Freezing Cloud           Conj/Ice/Air   #.........   100%        6
 Hydra Form               Tmut           #.........   100%        6
 Iron Shot                Conj/Erth      #.........   100%        6
 Ozocubu's Refrigeration  Ice            #.........   100%        6
 Dragon Form              Tmut           #.........   100%        7
 Shatter                  Erth           #.........   100%        9
 Sublimation of Blood     Necr           Unusable     N/A         2
 Statue Form              Tmut/Erth      Unusable     N/A         6

Dungeon Overview and Level Annotations

Branches:
Dungeon (15/15)            Temple (0/1) D:4            Lair (6/6) D:10
 Shoals (4/4) Lair:3        Snake (4/4) Lair:4        Slime (0/5) Lair:6
    Orc (2/2) D:9             Elf (0/3) Orc:2        Vaults (5/5) D:13
  Crypt (1/3) Vaults:3     Depths (3/5) D:15           Hell (visited)
Ossuary (visited)           IceCv (visited)          WizLab (visited)
    Dis: Hell:1         Geh: Hell:1         Coc: Hell:1         Tar: Hell:1

Altars:
Cheibriados
Dithmenos
Elyvilon
Fedhas
Hepliaklqana
Makhleb
Nemelex Xobeh
Qazlal
Trog
Uskayaw
Wu Jian
Yredelemnul
Jiyva

Shops:
D:8 :   D:12 *(!!   D:13 =   Orc:1 [   Orc:2 }((*}}*?   Vaults:1 ?

Portals:
Hell: Depths:1 Depths:2 Depths:3
Abyss: Depths:2
Pandemonium: Orc:2 Depths:1
Ziggurat: Depths:1

Annotations:
D:14 exclusion: downstairs
Shoals:2 3 runed translucent doors, Guepteuset's ghost, adept MiFi; Xusifeq's ghost, adept DrMo; Zatexaad's ghost, journeyman TrBe
Shoals:4 Mara
Hell Geryon


Innate Abilities, Weirdness & Mutations

You are resistant to torment.
Your stone body is resilient. (AC +19)
You are immune to poison.
Your large and strong wings let you fly indefinitely.
You resist negative energy. (rN+)
You are resistant to electric shocks. (rElec)
You can survive without breathing.
You are immune to petrification.
You are immune to rotting.
Your life essence is reduced to manifest your ancestor. (-10% HP)
You have a pair of small antennae on your head.
Your spells are a little harder to cast, but a little more powerful.


Message History

You block the spark wasp's attack. You block the tengu reaver's attack.
The tengu reaver hits Tlalli with a +0 battleaxe of electrocution!!
Lightning courses through Tlalli!
The tengu reaver pecks you but does no damage.
The tengu reaver claws you but does no damage.
Tlalli hits the tengu reaver with a +0 antimagic quick blade!!
The tengu reaver's magic leaks into the air.
You beat the tengu reaver like a drum!!!
You kill the tengu reaver!
The battlesphere dissipates.
The spark wasp stings Tlalli!!
The spark wasp shocks Tlalli!
Tlalli is destroyed!
Unknown command.
You catch the helpless spark wasp completely off-guard!
You hit the spark wasp.
The spark wasp is heavily wounded.
The spark wasp stings you but does no damage.
The fire giant points at you and mumbles some strange words.
The bolt of fire hits you!!!
You die...

#......##.......##...#
#..##).#......###....#
##.##.##..#####......#
#
#....#)###..........#
##
##.#.###....###.##..#
†### #.).#$..##.
#.##..# ...#
#####?#.##.###.....#
..... #)....y..."..#.#
#.##.#
#####○)@.uu....# .# .(
###.....##.# #.. #
{##.u..# ..# ...#
##...u...# ## #C.###.
# ##.# . #G# ..


You could see 3 very ugly things, a fire giant, a green ugly thing (confused), a
spark wasp (confused) and an eye of draining shaped shifter.

Vanquished Creatures
  2 juggernauts (Depths:3)
  Bai Suzhen (Shoals:3)
  Vashnia (Snake:3)
  Saint Roka (Snake:2)
  Nikola (Snake:1)
  Rupert (D:13)
  4 tentacled monstrosities
  Jorgrun (D:15)
  Asterion (Snake:3)
  7 titans
  A lich (Vaults:4)
  Gastronok (D:11)
  Polyphemus (Shoals:3)
  An eldritch tentacle (WizLab)
  3 sphinxes (Vaults:5)
  Kirke (D:14)
  3 storm dragons
  Agnes (Snake:1)
  7 tengu reavers
  7 shadow dragons
  10 fire giants
  Ilsuiw (Shoals:3)
  7 nagarajas
  23 vault wardens
  A cacodemon (Depths:1)
  16 frost giants
  3 orc warlords
  A deep elf elementalist (Vaults:5)
  3 ghouls (Vaults:3)
  Aizul (Snake:3)
  Louise (D:14)
  22 stone giants
  17 ironheart preservers
  An entropy weaver (Vaults:4)
  A spriggan defender (Depths:3)
  6 very ugly things
  2 vampire knights
  3 deep elf demonologists
  Azrael (D:15)
  4 spark wasps (Depths:2)
  3 deep elf annihilators (Vaults:5)
  An eidolon (Vaults:3)
  3 minotaurs (Depths:2)
  2 deep elf death magi
  4 merfolk javelineers
  2 crystal guardians
  14 ettins
  5 fire dragons
  11 yaktaur captains
  A jiangshi (Vaults:3)
  3 merfolk impalers
  Josephine (D:14)
  16 naga warriors
  3 deep elf high priests (Vaults:5)
  5 great orbs of eyes
  27 vault guards
  A spriggan air mage (Depths:3)
  2 rakshasas
  5 boulder beetles
  4 ice dragons
  A hell beast (Depths:3)
  An ice dragon (shapeshifter) (Vaults:5)
  10 merfolk avatars
  10 hydras
  A catoblepas (Lair:6)
  10 anacondas
  3 death knights
  6 centaur warriors
  An alligator snapping turtle (Shoals:4)
  A merfolk aquamancer (Shoals:4)
  7 satyrs (Shoals:4)
  32 two-headed ogres
  8 deep troll shamans
  4 death yaks (Shoals:3)
  A thrashing horror (WizLab)
  10 ogre magi
  A dancing weapon (Vaults:5)
  An orc high priest (Vaults:3)
  9 tengu warriors
  6 shock serpents
  Urug (Orc:1)
  5 deep troll earth magi
  Sonja (Orc:2)
  17 naga sharpshooters
  5 deep elf knights
  2 soul eaters
  A sun demon (Orc:2)
  2 fire crabs (shapeshifter)
  2 hell knights (Depths:2)
  2 iron trolls
  A sixfirhy (Depths:1)
  4 salamander mystics
  A sea snake (shapeshifter) (D:15)
  A spark wasp zombie (Depths:2)
  5 skeletal warriors
  4 flayed ghosts
  18 sea snakes
  4 unseen horrors
  25 deep trolls
  4 glowing orange brains
  A gelid demonspawn (Depths:1)
  3 wizards
  A swamp dragon (shapeshifter) (Vaults:2)
  An obsidian statue (WizLab)
  A lindwurm (Lair:6)
  5 naga ritualists
  16 ironbrand convokers
  2 phantasmal warriors
  7 deep elf archers
  27 orc knights
  Pikel (D:4)
  A necromancer (Vaults:3)
  11 harpies
  7 orc sorcerers
  8 ugly things
  11 deep elf magi
  A stone giant zombie (Depths:2)
  A wolf spider (Vaults:3)
  12 manticores
  9 mana vipers
  11 salamanders
  9 cyclopes
  2 fauns (shapeshifter) (Vaults:5)
  8 merfolk sirens
  A worldbinder (WizLab)
  7 elephants
  17 fauns
  8 guardian serpents (Snake:4)
  11 naga magi
  A guardian serpent (shapeshifter) (Vaults:2)
  31 black mambas
  13 cane toads
  6 water nymphs
  A smoke demon (Orc:2)
  A rust devil (Depths:3)
  11 vault sentinels
  2 centaur zombies
  A torpor snail (Lair:3)
  4 spectral swamp worms (Depths:1)
  57 yaktaurs
  7 komodo dragons
  5 rime drakes
  Maggie (D:9)
  3 efreet
  10 freezing wraiths
  A red devil (Depths:3)
  2 ancient zymes (WizLab)
  7 tengu conjurers
  19 polar bears
  2 hellwings
  A meliai (shapeshifter) (Vaults:4)
  A queen bee (Depths:2)
  15 merfolk
  8 trolls
  2 queen bees (shapeshifter)
  9 blink frogs
  A hornet (shapeshifter) (Vaults:2)
  4 wind drakes
  3 hornets
  9 dream sheep
  14 snapping turtles
  A blink frog (shapeshifter) (Depths:2)
  24 slime creatures
  5 hexers
  3 flying skulls (Crypt:1)
  2 redbacks (Vaults:4)
  A deep troll skeleton (WizLab)
  An air elemental (WizLab)
  3 starcursed masses (WizLab)
  13 wyverns
  7 wraiths
  2 redbacks (shapeshifter)
  16 water elementals
  A shadow (D:12)
  37 yaks
  A hog (D:14)
  Grum (D:11)
  A chaos spawn (Orc:2)
  2 fire elementals (D:15)
  5 basilisks
  A neqoxec (Depths:1)
  3 vampire mosquitoes
  6 spatial vortices (WizLab)
  Menkaure (D:7)
  2 acid dragons
  7 wargs
  54 nagas
  2 acid dragons (shapeshifter) (Vaults:5)
  12 water moccasins
  2 hell hounds (D:15)
  Duvessa (D:6)
  A soldier ant (D:13)
  An ice beast (shapeshifter) (D:15)
  2 floating eyes (Depths:2)
  58 orc warriors
  4 black bears
  A hornet zombie (D:15)
  A black bear (shapeshifter) (Vaults:4)
  A sky beast (D:8)
  3 ice beasts
  4 phantoms
  An eye of draining (D:15)
  28 wolves
  31 ogres
  22 boggarts
  14 centaurs
  A lemure (D:4)
  3 big kobolds
  2 small abominations (WizLab)
  12 bullfrogs
  A wyvern zombie (D:13)
  Blork the orc (D:4)
  Dowan (D:6)
  A wyvern skeleton (D:8)
  3 scorpions
  2 elf simulacra
  25 killer bees
  8 wights
  4 howler monkeys
  2 bullfrog zombies
  A crimson imp (WizLab)
  2 lava snakes (Snake:4)
  2 quasits (WizLab)
  5 hounds
  17 orc wizards
  4 centaur skeletons
  29 orc priests
  A wyvern simulacrum (D:14)
  A bullfrog skeleton (D:13)
  8 jellies
  Crazy Yiuf (D:7)
  Jessica (D:2)
  3 iguanas (Lair:1)
  A gnoll shaman (D:5)
  8 hell rats
  An iguana (shapeshifter) (Depths:2)
  8 worker ants
  2 big kobold zombies (Ossuary)
  2 hound skeletons
  A mummy (Ossuary)
  A howler monkey zombie (D:5)
  6 gnolls (D:5)
  2 howler monkey skeletons
  7 adders
  4 shadow imps
  12 white imps
  6 ufetubi
  11 oozes
  5 adder zombies
  2 adder skeletons (D:9)
  2 worms
  5 dart slugs
  4 leopard geckos
  111 orcs
  2 ball pythons
  6 bats
  4 giant cockroaches
  13 goblins
  10 hobgoblins
  10 jackals
  9 kobolds
  3 quokkas
  3 frilled lizards
  A gnoll zombie (Ossuary)
  2 goblin zombies (Ossuary)
  2 jackal skeletons
  A kobold zombie (Ossuary)
  A leopard gecko skeleton (D:4)
  A leopard gecko zombie (D:5)
  A quokka skeleton (D:8)
  3 rats
  2 rat zombies (Ossuary)
  2 crawling corpses (Vaults:4)
1770 creatures vanquished.

Vanquished Creatures (collateral kills)
  A nagaraja (Snake:4)
  2 deep elf sorcerers
  A vault warden (Vaults:3)
  2 frost giants (Depths:2)
  2 ironheart preservers
  A juggernaut zombie (Depths:2)
  3 stone giants
  A spark wasp (Depths:2)
  A great orb of eyes (Depths:2)
  2 ogre magi
  Erolcha (D:11)
  A boulder beetle (Lair:3)
  A hydra (D:15)
  A catoblepas (Shoals:3)
  2 merfolk avatars
  A centaur warrior (Depths:3)
  4 vault guards (Vaults:5)
  Erica (D:9)
  2 two-headed ogres
  A dancing weapon (Vaults:5)
  A tengu warrior (Depths:1)
  3 naga sharpshooters
  A skeletal warrior (Crypt:1)
  An unseen horror (D:13)
  2 deep trolls
  A sea snake (Shoals:4)
  A phantasmal warrior (Vaults:5)
  A deep elf archer (Vaults:4)
  2 ironbrand convokers
  A necromancer (Depths:2)
  4 orc knights
  A lindwurm (shapeshifter) (D:15)
  A mana viper (Snake:3)
  A wizard (Depths:3)
  A salamander (Snake:1)
  A manticore (Shoals:1)
  6 fauns
  2 naga magi
  2 merfolk sirens
  5 black mambas
  2 elephants
  A spectral swamp worm (Depths:1)
  2 cane toads (Lair:6)
  A rime drake (Lair:3)
  5 yaktaurs
  A freezing wraith (Vaults:5)
  A yaktaur (shapeshifter) (Vaults:5)
  A tengu conjurer (Depths:2)
  An ancient zyme (WizLab)
  3 komodo dragons
  A troll (Orc:2)
  2 polar bears
  A merfolk (Shoals:3)
  A queen bee (shapeshifter) (Depths:1)
  A hornet (Lair:6)
  A wind drake (Shoals:1)
  5 slime creatures
  A snapping turtle (Shoals:1)
  A blink frog (Lair:5)
  A dream sheep (Lair:4)
  A shadow (D:12)
  A starcursed mass (WizLab)
  9 yaks
  2 wyverns
  2 water elementals
  A wraith (D:14)
  A human (shapeshifter) (Vaults:4)
  A basilisk (Lair:3)
  A vampire mosquito (D:12)
  A warg (Orc:2)
  8 nagas
  5 water moccasins
  9 orc warriors
  A phantom (D:4)
  5 ogres
  4 wolves
  A boggart (Vaults:3)
  3 centaurs
  3 bullfrogs
  A wyvern skeleton (D:8)
  2 killer bees
  A wight (D:9)
  A howler monkey (D:8)
  A crimson imp (WizLab)
  A hound (D:4)
  2 orc priests
  A bullfrog skeleton (D:12)
  3 iguanas
  11 orc wizards
  A hell rat (Lair:6)
  2 mummies (Ossuary)
  A howler monkey zombie (D:6)
  A worker ant zombie (D:8)
  Robin (D:2)
  A gnoll (D:5)
  2 adders
  3 white imps
  An ufetubus (D:5)
  2 oozes (D:6)
  2 adder zombies (Ossuary)
  21 orcs
  A goblin (D:2)
  4 jackals
  2 quokkas
  A goblin zombie (Ossuary)
  A hobgoblin zombie (Ossuary)
  3 kobolds (D:6)
  A kobold zombie (Ossuary)
  A quokka zombie (Ossuary)
237 creatures vanquished.

Vanquished Creatures (others)
  A merfolk impaler (Shoals:4)
  A hydra (Lair:6)
  A titan skeleton (Depths:2)
  A shadow wraith (Vaults:4)
  A wolf spider zombie (D:15)
  A deep elf mage (Vaults:3)
  A naga mage (Snake:4)
  A wind drake (Shoals:1)
  A troll (shapeshifter) (Depths:2)
  A slime creature (D:15)
  An orc warrior (Vaults:5)
  An orc priest (Snake:2)
  42 hexers
  An orc wizard (Orc:1)
  3 ancestors
  A jackal (D:6)
  37 fungi
  A lurking horror (WizLab)
  150 plants
  5 toadstools (D:6)
252 creatures vanquished.

Grand Total: 2259 creatures vanquished

Notes
Turn   | Place    | Note
-------+----------+-------------------------------------------
     0 | D:1      | Morrissey the Gargoyle Fighter began the quest for the Orb.
     0 | D:1      | Reached XP level 1. HP: 14/14 MP: 1/1
   154 | D:1      | Reached XP level 2. HP: 19/19 MP: 2/2
   643 | D:1      | Reached XP level 3. HP: 19/23 MP: 3/3
  1033 | D:2      | Found a hazy altar of Hepliaklqana.
  1182 | D:2      | Became a worshipper of Hepliaklqana the Forgotten
  1243 | D:2      | Found a hide-covered altar of Uskayaw.
  1243 | D:2      | Noticed a +0 dagger
  1244 | D:2      | Noticed a +0 hand axe
  1328 | D:2      | Noticed Jessica
  1336 | D:2      | Noticed Robin
  1346 | D:2      | Killed Jessica
  1346 | D:2      | Reached XP level 4. HP: 24/26 MP: 4/4
  1379 | D:2      | Killed Robin
  1856 | D:3      | Found a shadowy altar of Dithmenos.
  1877 | D:3      | Reached XP level 5. HP: 24/29 MP: 5/5
  2303 | D:3      | Found a white marble altar of Elyvilon.
  2554 | D:4      | Reached XP level 6. HP: 33/34 MP: 6/6
  2571 | D:4      | Noticed Blork the orc
  2579 | D:4      | Killed Blork the orc
  2726 | D:4      | Reached XP level 7. HP: 39/39 MP: 7/7
  2764 | D:4      | Reached skill level 5 in Maces & Flails
  2785 | D:4      | Reached * piety under Hepliaklqana
  2785 | D:4      | Found a blossoming altar of Fedhas.
  2808 | D:4      | Noticed Pikel
  2824 | D:4      | Killed Pikel
  2824 | D:4      | Reached skill level 5 in Fighting
  2824 | D:4      | Reached skill level 5 in Armour
  2824 | D:4      | Reached skill level 5 in Shields
  2824 | D:4      | Reached XP level 8. HP: 34/45 MP: 8/8
  3046 | D:4      | Found a staircase to the Ecumenical Temple.
  3051 | D:4      | Found the +27 Lear's hauberk
  3066 | D:4      | Found a sand-covered staircase.
  3071 | Ossuary  | Entered an ossuary
  3695 | D:5      | Entered Level 5 of the Dungeon
  3826 | D:5      | Got a pair of bloodstained boots
  3848 | D:5      | Identified the cursed +0 pair of boots "Ethragemp" {Rampage
                  | MR+ MP-9} (You found it on level 5 of the Dungeon)
  4689 | D:6      | Reached XP level 9. HP: 49/49 MP: 9/9
  4746 | D:6      | Identified the Volume of the Enchanting Rocks
  5029 | D:6      | Noticed Dowan
  5029 | D:6      | Noticed Duvessa
  5045 | D:6      | Killed Duvessa
  5049 | D:6      | Killed Dowan
  5087 | D:6      | Reached ** piety under Hepliaklqana
  5117 | D:6      | Remembered your ancestor Tlalli as a hexer
  5206 | D:6      | Found a burning altar of Makhleb.
  5714 | D:7      | Found an ornate altar of the Wu Jian Council.
  5742 | D:7      | Found a bloodstained altar of Trog.
  5759 | D:7      | Reached XP level 10. HP: 54/56 MP: 10/10
  5928 | D:7      | Found a runed translucent door.
  5929 | D:7      | Noticed Crazy Yiuf
  5935 | D:7      | Killed Crazy Yiuf
  6056 | D:7      | Noticed Menkaure
  6063 | D:7      | Killed Menkaure
  6673 | D:8      | Found Kihon's Book Shoppe.
  6730 | D:8      | Noticed a two-headed ogre
  6744 | D:8      | Killed a two-headed ogre
  6744 | D:8      | Reached skill level 10 in Maces & Flails
  6798 | D:8      | You fall into a shaft and drop 3 floors!
  6800 | D:11     | Noticed Erolcha
  6819 | D:11     | Killed Erolcha
  6881 | D:10     | Entered Level 10 of the Dungeon
  6904 | D:10     | Reached XP level 11. HP: 47/62 MP: 11/11
  7141 | D:9      | Reached *** piety under Hepliaklqana
  7470 | D:8      | Found a stormy altar of Qazlal.
  7735 | D:9      | Noticed Erica
  7751 | D:9      | Killed Erica
  7796 | D:9      | Found a snail-covered altar of Cheibriados.
  8025 | D:9      | Reached **** piety under Hepliaklqana
  8043 | D:9      | Noticed Maggie
  8062 | D:9      | Killed Maggie
  8206 | D:9      | Found a sparkling altar of Nemelex Xobeh.
  8325 | D:9      | Got an encrusted scimitar
  8624 | D:9      | Found a staircase to the Orcish Mines.
  8937 | D:10     | Noticed an orc knight
  8977 | D:10     | Killed an orc knight
  9702 | D:10     | Found a staircase to the Lair.
 10018 | Lair:1   | Entered Level 1 of the Lair of Beasts
 10655 | Lair:1   | Reached XP level 12. HP: 47/69 MP: 12/12
 10809 | Lair:1   | Reached ***** piety under Hepliaklqana
 10978 | Lair:2   | Reached skill level 10 in Fighting
 10978 | Lair:2   | Reached skill level 10 in Armour
 10978 | Lair:2   | Reached skill level 10 in Shields
 11093 | Lair:2   | Noticed a six-headed hydra
 11103 | Lair:2   | Killed a six-headed hydra
 11103 | Lair:2   | Reached skill level 1 in Invocations
 12277 | Lair:3   | Identified the +5 scimitar "Hacaimogo" {vorpal, +Blink
                  | rElec MR+++ Int-5} (You found it on level 9 of the Dungeon)
 12449 | Lair:3   | Found a staircase to the Shoals.
 12652 | Lair:4   | Noticed a boulder beetle
 12746 | Lair:3   | Killed a boulder beetle
 13032 | Lair:4   | Reached XP level 13. HP: 75/75 MP: 16/16
 13057 | Lair:4   | Reached skill level 5 in Invocations
 13643 | Lair:4   | Got a heavily runed plate armour
 13650 | Lair:4   | Identified the +2 plate armour of Vehumet's Delight
                  | {*Contam Harm rN+++ Int-3} (You found it on level 4 of the
                  | Lair of Beasts)
 13653 | Lair:4   | Found a staircase to the Snake Pit.
 14806 | Lair:6   | Entered Level 6 of the Lair of Beasts
 15119 | Lair:6   | Gained mutation: Your large and strong wings let you fly
                  | indefinitely. [Gargoyle growth]
 15119 | Lair:6   | Reached XP level 14. HP: 65/82 MP: 19/19
 15324 | Orc:1    | Entered Level 1 of the Orcish Mines
 15324 | Orc:1    | Noticed an orc warlord
 15326 | Orc:1    | Noticed an orc warlord
 15356 | Orc:1    | Noticed Urug
 15713 | D:9      | Killed an orc warlord
 16143 | D:11     | Noticed Gastronok
 16172 | D:11     | Killed Gastronok
 16222 | D:11     | Noticed Grum
 16251 | D:11     | Killed Grum
 16296 | D:11     | Reached ****** piety under Hepliaklqana
 16764 | D:12     | Found a frozen archway.
 16815 | IceCv    | Entered an ice cave
 18145 | D:12     | Found Maymaod's Antique Weapon Boutique.
 18205 | D:12     | Found Rikhlelu's General Store.
 18552 | D:12     | Found Mullio's Distillery.
 18560 | D:12     | Bought a potion of haste for 130 gold pieces
 18712 | D:12     | Found Aguipri's Distillery.
 19201 | D:13     | Found Medookhlo's Jewellery Shop.
 19203 | D:13     | Noticed Rupert
 19226 | D:13     | Killed Rupert
 19226 | D:13     | Reached skill level 15 in Shields
 19271 | D:13     | Found a blossoming altar of Fedhas.
 19284 | D:13     | Found a gate to the Vaults.
 19969 | Lair:6   | Reached XP level 15. HP: 57/89 MP: 21/21
 20564 | Lair:6   | Found a viscous altar of Jiyva.
 20565 | Lair:6   | Found a staircase to the Slime Pits.
 20592 | Lair:6   | Found a basalt altar of Yredelemnul.
 20858 | Orc:1    | Killed Urug
 21091 | Orc:1    | Found Reygat's Armour Boutique.
 21340 | Orc:2    | Entered Level 2 of the Orcish Mines
 21398 | Orc:2    | Noticed Sonja
 21454 | Orc:2    | Killed Sonja
 21578 | Orc:2    | Found Uhafihio's Magic Scroll Shoppe.
 21587 | Orc:2    | Bought a scroll of acquirement for 728 gold pieces
 21593 | Orc:2    | Acquired a +2 demon whip of venom
 21747 | Orc:2    | Found Kadaj's General Store.
 21749 | Orc:2    | Found Ciat's General Store.
 22001 | Orc:2    | Found a staircase to the Elven Halls.
 22132 | Orc:2    | Found Qiadoatu's Gadget Boutique.
 22360 | Orc:2    | Found Woacvusa's Weapon Shoppe.
 22400 | Orc:2    | Found Hihi's Gadget Emporium.
 22604 | Orc:2    | Found Fiah's Antique Weapon Shoppe.
 22604 | Orc:2    | Found a one-way gate leading to the halls of Pandemonium.
 22604 | Orc:2    | Found Wykoik's Gadget Emporium.
 23079 | Orc:2    | Gained mutation: You are agile. (Dex +2) [potion of
                  | mutation]
 23079 | Orc:2    | Gained mutation: You are frail. (-10% HP) [potion of
                  | mutation]
 23079 | Orc:2    | Gained mutation: You expend magic power (3 MP) to
                  | strengthen your wands. [potion of mutation]
 23480 | Shoals:1 | Entered Level 1 of the Shoals
 23765 | Shoals:1 | Reached skill level 15 in Armour
 23771 | Shoals:1 | Reached skill level 15 in Fighting
 23918 | Shoals:1 | Found a transporter.
 24015 | Shoals:1 | Found a transporter.
 24087 | Shoals:1 | Noticed a frost giant
 24097 | Shoals:1 | Killed a frost giant
 24111 | Shoals:1 | Noticed a frost giant
 24130 | Shoals:1 | Killed a frost giant
 24130 | Shoals:1 | Reached XP level 16. HP: 86/86 MP: 22/22
 25339 | Shoals:2 | Found a runed translucent gate.
 25339 | Shoals:2 | Found a runed translucent gate.
 25339 | Shoals:2 | Found a runed translucent gate.
 25343 | Shoals:2 | Noticed Xusifeq's ghost (adept DrMo)
 25343 | Shoals:2 | Noticed Guepteuset's ghost (adept MiFi)
 25343 | Shoals:2 | Noticed Zatexaad's ghost (journeyman TrBe)
 25707 | Shoals:3 | Noticed Ilsuiw
 25708 | Shoals:3 | Noticed Bai Suzhen
 25768 | Shoals:3 | Killed Bai Suzhen
 25781 | Shoals:3 | Killed Ilsuiw
 25894 | Shoals:3 | Noticed Polyphemus
 25908 | Shoals:3 | Killed Polyphemus
 26650 | Shoals:4 | Entered Level 4 of the Shoals
 26787 | Shoals:4 | Got a warped marble ring
 26788 | Shoals:4 | Identified the ring "Lifoepoi" {+Fly rN+ MR++ AC+4} (You
                  | found it on level 4 of the Shoals)
 26964 | Shoals:4 | Acquired 1021 gold pieces
 27279 | Shoals:4 | Reached XP level 17. HP: 88/92 MP: 23/23
 27580 | Shoals:4 | Got a barnacled rune of Zot
 27929 | Shoals:4 | Noticed Mara
 27934 | Shoals:4 | Noticed Morrissey's illusion
 28503 | Shoals:4 | Noticed Morrissey's illusion
 30124 | D:14     | Noticed Kirke
 30141 | D:14     | Killed Kirke
 30161 | D:14     | Noticed Josephine
 30171 | D:14     | Killed Josephine
 30214 | D:14     | Identified the cursed -1 tower shield of Beqih {rElec rN+
                  | Dex+3}
 30214 | D:14     | Noticed Louise
 30229 | D:14     | Killed Louise
 30520 | D:14     | Reached skill level 15 in Maces & Flails
 30610 | D:15     | Entered Level 15 of the Dungeon
 30634 | D:15     | Noticed Jorgrun
 31101 | Snake:1  | Entered Level 1 of the Snake Pit
 31768 | Snake:1  | Lost mutation: You are agile. (Dex +2) [potion of mutation]
 31768 | Snake:1  | Lost mutation: You are frail. (-10% HP) [potion of
                  | mutation]
 31768 | Snake:1  | Lost mutation: You expend magic power (3 MP) to strengthen
                  | your wands. [potion of mutation]
 31768 | Snake:1  | Gained mutation: You have a pair of small antennae on your
                  | head. [potion of mutation]
 31768 | Snake:1  | Gained mutation: Your spells are a little harder to cast,
                  | but a little more powerful. [potion of mutation]
 31892 | Snake:1  | Noticed Agnes
 31913 | Snake:1  | Killed Agnes
 32101 | Snake:1  | Noticed Nikola
 32115 | Snake:1  | Killed Nikola
 32115 | Snake:1  | Reached XP level 18. HP: 111/111 MP: 24/24
 32710 | Snake:2  | Noticed Saint Roka
 32742 | Snake:2  | Killed Saint Roka
 34374 | Snake:3  | Noticed Asterion
 34398 | Snake:3  | Killed Asterion
 35127 | Snake:3  | Noticed Aizul
 35134 | Snake:3  | Noticed Vashnia
 35138 | Snake:3  | Killed Aizul
 35150 | Snake:3  | Killed Vashnia
 35239 | Snake:4  | Entered Level 4 of the Snake Pit
 35650 | Snake:4  | Identified the ring "Juliamop" {rN+ Str-3 Int+4 Slay+3
                  | SInv}
 35702 | Snake:4  | Reached XP level 19. HP: 92/118 MP: 19/25
 37173 | Snake:4  | Got a serpentine rune of Zot
 37685 | Vaults:1 | Entered Level 1 of the Vaults
 38432 | Vaults:1 | Found Hapidy's Magic Scroll Boutique.
 39174 | Vaults:2 | Reached XP level 20. HP: 119/126 MP: 26/26
 40761 | Vaults:3 | Found a magical portal.
 40770 | WizLab   | Entered The Roulette of Golubria
 40770 | WizLab   | Found a transporter.
 40817 | WizLab   | Found a corrupted altar of Lugonu.
 40850 | WizLab   | Found a transporter.
 40906 | WizLab   | Found a transporter.
 40961 | WizLab   | Found a transporter.
 40995 | WizLab   | Found a transporter.
 41014 | WizLab   | Found a transporter.
 41024 | WizLab   | Found a transporter.
 41081 | WizLab   | Found a corrupted altar of Lugonu.
 41082 | WizLab   | Found a transporter.
 41127 | WizLab   | Found a transporter.
 41188 | WizLab   | Found a transporter.
 41280 | WizLab   | Found a transporter.
 41281 | WizLab   | Found a transporter.
 41340 | WizLab   | Found a corrupted altar of Lugonu.
 41420 | WizLab   | Found a transporter.
 41420 | WizLab   | Found a transporter.
 41464 | WizLab   | Found a transporter.
 41464 | WizLab   | Found a transporter.
 41572 | WizLab   | Got a heavily runed cloak
 41578 | WizLab   | Got a masterwork cloak
 41585 | WizLab   | Got a heavily runed cloak
 41609 | WizLab   | Got a scorched cloak
 41786 | WizLab   | Found a transporter.
 41786 | WizLab   | Found a transporter.
 41812 | Vaults:3 | Identified the +2 cloak "Hepom" {-Cast +Blink Str-3 Stlth+}
                  | (You found it in a wizard's laboratory)
 41813 | Vaults:3 | Identified the +4 cloak of Filth {Harm rC+ Int-2} (You
                  | found it in a wizard's laboratory)
 41814 | Vaults:3 | Identified the +0 cloak "Hycuzomp" {Str+3 Dex+4 Stlth+}
                  | (You found it in a wizard's laboratory)
 41815 | Vaults:3 | Identified the +4 cloak "Perinosy" {Regen+} (You found it
                  | in a wizard's laboratory)
 42885 | Vaults:3 | Found a staircase to the Crypt.
 43244 | Vaults:3 | Reached XP level 21. HP: 134/134 MP: 27/27
 45447 | Vaults:4 | Found the +8 autumn katana {vorpal, Clar}
 45572 | Vaults:4 | Acquired 666 gold pieces
 45877 | Vaults:4 | Reached skill level 10 in Invocations
 46097 | Vaults:5 | Entered Level 5 of the Vaults
 46185 | Vaults:5 | Reached XP level 22. HP: 50/142 MP: 29/29
 46627 | Vaults:5 | HP: 7/144 [tengu reaver/+0 long sword (3)]
 47608 | Vaults:5 | Reached XP level 23. HP: 126/148 MP: 32/32
 47932 | Vaults:5 | Identified Hajo's Handbook of Earthen Translocation
 48129 | Vaults:5 | Got a silver rune of Zot
 48450 | Vaults:5 | Got a pair of warped gloves
 48451 | Vaults:5 | Identified the cursed -1 pair of gloves "Ushidd" {rC+} (You
                  | found it on level 5 of the Vaults)
 49094 | Shoals:1 | Got a flickering iron amulet
 49095 | Shoals:1 | Identified the amulet of Reif {RegenMP Dex+3 Slay+3} (You
                  | found it on level 1 of the Shoals)
 49170 | Shoals:1 | Upgraded the game from 0.26-a0-661-g406de6ba63 to
                  | 0.26-a0-663-g36e8fdb655
 49393 | D:15     | Noticed Azrael
 49415 | D:15     | Killed Azrael
 49445 | D:15     | Killed Jorgrun
 49798 | D:15     | Found a staircase to the Depths.
 50373 | Crypt:1  | Entered Level 1 of the Crypt
 50754 | Depths:1 | Entered Level 1 of the Depths
 50996 | Depths:1 | Found a gateway to Hell.
 51475 | Depths:1 | Got an encrusted cloak
 51476 | Depths:1 | Identified the cursed +0 cloak of Fashionability {rPois}
                  | (You found it on level 1 of the Depths)
 51911 | Depths:1 | Found a gateway to a ziggurat.
 52204 | Depths:2 | Reached XP level 24. HP: 95/157 MP: 32/32
 52423 | Hell     | Entered the Vestibule of Hell
 52423 | Hell     | Noticed Geryon
 53087 | Depths:2 | Reached skill level 1 in Stealth
 53411 | Depths:2 | Got a slimy emerald amulet
 53415 | Depths:2 | Identified the amulet "Zupnefel" {Inacc rN++ SInv} (You
                  | found it on level 2 of the Depths)
 53430 | Depths:2 | Found a one-way gate to the infinite horrors of the Abyss.
 53446 | Depths:2 | Identified Qumnex's Sophisticated Sorcery
 53890 | Depths:2 | Paralysed by a floating eye for 2 turns
 54298 | Depths:2 | Reached skill level 5 in Stealth
 54546 | Depths:2 | Identified the ring of the Marlin {rC+ rN++ SInv}
 54905 | Depths:3 | Found a sparkling altar of Nemelex Xobeh.
 55174 | Depths:3 | Noticed a juggernaut
 55186 | Depths:3 | Killed a juggernaut
 55416 | Depths:3 | Noticed a juggernaut
 55433 | Depths:3 | Killed a juggernaut
 55436 | Depths:3 | Reached XP level 25. HP: 102/164 MP: 32/32
 55675 | Depths:3 | Killed from afar by a fire giant

Illustrated notes

Levels and vault maps discovered:
D:1:      lemuel_arrival_hallway, layout_basic
D:2:      layout_loops_ring, dancing_weapons_uskayaw, old_standard_altar,
          uniq_jessica, uniq_robin
D:3:      layout_basic, grunt_dithmenos_smoke, elyvilon_altar_1,
          minmay_misc_feat_enclosed
D:4:      layout_rooms, old_standard_altar, minmay_temple_entry_large_hall,
          enter_ossuary_5, uniq_pikel, uniq_blork_the_orc
D:5:      layout_rooms, interstate_on_off
D:6:      cheibrodos_fertilizer, layout_basic, kennysheep_mini,
          ebering_dispersal_statue_hall, serial_bayou_lagoon_a, uniq_duvessa
D:7:      layout_basic, old_standard_altar, trog_ov_bears_minmay, uniq_menkaure,
          uniq_crazy_yiuf_cottage
D:8:      layout_cave_pools, grunt_qazlal_clouds, serial_shops, shop
D:9:      layout_basic, cheibriados_altar_1, overflow_temple_1_default,
          orc_0_dummy, hangedman_little_slice_of_home, uniq_maggie, uniq_erica
D:10:     layout_cave_pods, erik_lair_orcish_takeover, fungi_pond_lemuel
D:11:     layout_loops_ring, uniq_gastronok, uniq_erolcha, uniq_grum
D:12:     layout_roguey, serial_shops, kennysheep_mini_moat, shop_statue,
          shop_statue, nicolae_shop_statue_plus, portal_ice_cave_entry_imps,
          kennysheep_boxes
D:13:     layout_rooms, lightli_vaults_fourway_checkpoint, serial_shops, shop,
          fedhas_altar_2, uniq_rupert
D:14:     layout_gridville, uniq_kirke, uniq_josephine, uniq_louise
D:15:     gammafunk_enter_depths_forms, layout_irregular_city, serial_rivers,
          chequers_serial_rivers_micro_c, chequers_serial_rivers_large_a,
          chequers_serial_rivers_micro_d, chequers_serial_rivers_small_3,
          chequers_serial_rivers_micro_b, minmay_misc_feat_roman,
          grunt_ministairs_1, uniq_jorgrun, uniq_azrael
Lair:1:   beast_lair_carwin_large_1, layout_regular_city,
          chequers_serial_rivers_small_b, lemuel_fruit_fields
Lair:2:   layout_roguey
Lair:3:   layout_small_grid, elwin_shoals_entry_rocks, grunt_megastairs_1,
          serial_bayou_shore_b, lemuel_fruit_tree
Lair:4:   layout_layer_cave, minmay_snake_entry_guardpost_small
Lair:5:   layout_loops_ring
Lair:6:   gammafunk_lair_ancient_temple, layout_loops_ring,
          dpeg_slime_entry_enclosed_altar, basic_altar, grunt_megastairs_4
Shoals:1: gammafunk_the_bubble [the_bubble_gammafunk_grid], layout_shoals,
          nicolae_shoals_circle_sea_wall, st_sunken_temple
Shoals:2: layout_shoals, gammafunk_ghost_cemetery
Shoals:3: layout_shoals, uniq_polyphemus, uniq_ilsuiw, uniq_bai_suzhen
Shoals:4: shoals_end_grunt_garden, layout_shoals, nicolae_shoals_cliffside_cave,
          uniq_mara
Snake:1:  layout_grid_maze, uniq_agnes, uniq_nikola
Snake:2:  layout_chambers, nicolae_snake_salamander_stairs, uniq_saint_roka
Snake:3:  layout_onion_interference, statue_in_the_mist_lemuel, drop_trap,
          uniq_asterion, uniq_vashnia, uniq_aizul
Snake:4:  grunt_snake_rune_pools, layout_basic
Orc:1:    layout_caves, serial_shops, shop, uniq_urug
Orc:2:    pf_orc_diabolical, layout_diamond_mine, serial_shops, shop,
          nicolae_shop_waterfront, shop, shop_statue, uniq_sonja
Vaults:1: nicolae_vaults_windows_and_doors_thing, v_misc_10,
          vaults_room_door_hall, hangedman_vaults_cutoff, v_alt_pattern_5,
          ontoclasm_vaults_pinch, layout_vaults_omnigrid, serial_shops, shop
Vaults:2: nicolae_vaults_triangles, v_alt_pattern_6, hangedman_vaults_snaps,
          v_rooms_6, hangedman_vaults_stream, nicolae_vaults_rhombus_5,
          nicolae_vaults_circle_grid_b, nicolae_vaults_specimen_jars,
          vaults_room_grid, hangedman_vaults_river_flow, st_diamondy,
          nicolae_vaults_little_squares_5, nicolae_vaults_circle_grid_a,
          nicolae_vaults_shelves_hall, layout_vaults_omnibox
Vaults:3: vaults_mumra_hex, ontoclasm_vaults_ring_small,
          nicolae_vaults_network_barrier, vaults_mumra_hexcomb,
          minmay_crypt_entry_simple_plaza, nicolae_vaults_border_crossing,
          v_misc_23, special_room_vaults [special_room_orc],
          nicolae_vaults_network_s, hangedman_vaults_nails,
          layout_vaults_big_cross, mu_enter_wizlab_4
Vaults:4: hangedman_vaults_cutoff, nicolae_vaults_fighting_squares,
          vaults_dpeg_spiral, nicolae_vaults_network_quinsquares
          [nicolae_vaults_network_quincunx_subvault,
          nicolae_vaults_network_quincunx_subvault,
          nicolae_vaults_network_quincunx_subvault,
          nicolae_vaults_network_quincunx_subvault], v_misc_28,
          nicolae_vaults_twisting_passages, hangedman_vaults_trim, v_rooms_3,
          vaults_room_semicircle, ontoclasm_vaults_twist, serial_ice_g,
          layout_vaults_chaotic_city
Vaults:5
Crypt:1:  layout_misc_corridors
Depths:1: layout_cave_pools, enter_ziggurat_f, rand_demon_pan_entry_7,
          nicolae_wwwww, pf_hell_entry_tar_river, nicolae_water_bricks,
          minmay_misc_feat_tiny, kennysheep_generic_room_12,
          serial_bayou_shore_b
Depths:2: box_level_dp, hell_entry, abyss_entry
Depths:3: minmay_swirls_squares, layout_cave_pools, grunt_mini_vestibule,
          grunt_pan_entry_zigzag, nemelex_xobeh_ov_fountains_minmay,
          grunt_ministairs_9
Hell

Skill      XL: |  1  2  3  4  5  6  7  8  9 10 11 12 13 14 15 16 17 18 19 20 21 22 23 24 |
---------------+-------------------------------------------------------------------------+-----
Maces & Flails | 3 4 6 7 9 10 12 13 15 16 | 16.0
Shields        | 4 5 6 7 8 9 11 13 15 | 15.0
Armour         | 4 5 6 7 8 9 11 12 13 15 16 17 18 20 21 22 23 24 25 | 25.7
Fighting       | 4 5 6 7 8 9 11 12 13 15 16 17 18 20 21 22 23 24 25 | 25.7
Invocations    | 4 7 8 10 12 | 12.4
Stealth        | 7 |  7.1

Action                   |  1- 3 |  4- 6 |  7- 9 | 10-12 | 13-15 | 16-18 | 19-21 | 22-24 | 25-27 || total
-------------------------+-------+-------+-------+-------+-------+-------+-------+-------+-------++-------
Melee: Flail             |    66 |   188 |    29 |       |       |       |       |       |       ||   283
       Whip              |       |       |   568 |  1253 |  1637 |       |       |       |       ||  3458
       Eveningstar       |       |       |       |       |   377 |   743 |  1705 |  1526 |    20 ||  4371
       Demon whip        |       |       |       |       |   444 |   912 |    19 |       |       ||  1375
Invok: Ancestor Life: He |       |       |     1 |       |       |       |       |       |       ||     1
       Recall Ancestor   |       |       |       |     1 |     3 |       |     3 |       |       ||     7
       Idealise          |       |       |       |       |       |     4 |       |       |       ||     4
 Abil: Fly               |       |       |       |       |     1 |       |       |       |       ||     1
Evoke: Wand              |       |       |       |     4 |     1 |     2 |       |       |       ||     7
  Use: Scroll            |       |       |    12 |    12 |    15 |    15 |    17 |    10 |       ||    81
       Potion            |       |       |       |       |     2 |     1 |     4 |    16 |       ||    23
 Stab: Distracted        |       |     1 |     4 |     5 |    10 |    14 |     9 |    10 |       ||    53
       Confused          |       |       |       |    11 |    22 |     6 |    43 |    48 |     1 ||   131
       Paralysed         |       |       |       |       |    15 |    47 |    56 |    51 |     1 ||   170
Armor: Scale mail        |    26 |    74 |    21 |       |       |       |       |       |       ||   121
       Chain mail        |       |       |   151 |   329 |   755 |   685 |   634 |   660 |     9 ||  3223
       Skin              |       |       |    16 |       |       |       |       |       |       ||    16
Dodge: Dodged            |    19 |    96 |   165 |   252 |   564 |   297 |   250 |   263 |     5 ||  1911
Block: Kite shield       |    35 |   101 |   386 |   840 |  1729 |  1273 |  1206 |  1002 |     5 ||  6577
       Reflection        |       |       |     6 |     4 |    52 |   135 |   121 |    57 |       ||   375

Table legend: (Time is in decaauts)
 A = Elapsed time spent in this place.
 B = Non-inter-level travel time spent in this place.
 C = Inter-level travel time spent in this place.
 D = Time resting spent in this place.
 E = Time spent auto-exploring this place.
 F = Levels seen in this place.
 G = Mean time per level.
                   A        B        C        D        E       F      G
               +--------+--------+--------+--------+--------+-----+--------+
         Total |  52438 |  48660 |   3778 |   6526 |  29815 |  44 | 1191.8 |
       Dungeon |  15388 |  13565 |   1823 |   1023 |   9348 |  15 | 1025.9 |
          Lair |   6270 |   5570 |    700 |    518 |   3775 |   6 | 1045.0 |
        Shoals |   5249 |   5018 |    231 |    745 |   3036 |   4 | 1312.2 |
     Snake Pit |   6134 |   5960 |    174 |   1190 |   3491 |   4 | 1533.5 |
  Orcish Mines |   2401 |   2382 |     19 |    804 |   1074 |   2 | 1200.5 |
        Vaults |   9874 |   9147 |    727 |   1083 |   5438 |   5 | 1974.8 |
         Crypt |     17 |     17 |      0 |      0 |      0 |   1 |   17.0 |
        Depths |   4696 |   4594 |    102 |    907 |   2561 |   3 | 1565.3 |
          Hell |      1 |      1 |      0 |      0 |      0 |   1 |    1.0 |
       Ossuary |    408 |    408 |      0 |    221 |      3 |   1 |  408.0 |
      Ice Cave |   1007 |   1007 |      0 |      0 |    651 |   1 | 1007.0 |
        Wizlab |    988 |    988 |      0 |     35 |    437 |   1 |  988.0 |
               +--------+--------+--------+--------+--------+-----+--------+

Top non-repeatable levels by time:
Vaults:3: 2741 daAuts
Vaults:5: 2272 daAuts
Depths:2: 2159 daAuts
 Snake:4: 2066 daAuts
Shoals:4: 2045 daAuts
Vaults:4: 1870 daAuts
 Snake:2: 1682 daAuts
   Orc:2: 1673 daAuts
     D:9: 1646 daAuts
Depths:1: 1598 daAuts
    D:10: 1589 daAuts
  Lair:3: 1554 daAuts
Vaults:2: 1534 daAuts
 Snake:1: 1479 daAuts
Vaults:1: 1454 daAuts
